 Dungeon Crawl Stone Soup version 0.26.1-2-gb8aa6d0cf2 (webtiles) character file.

Game seed: 8385552547842699881

2265 thelaststarmaker the Blocker (level 9, -9/85 HPs)
             Began as a Hill Orc Fighter on Mar 12, 2021.
             Was a Believer of Beogh.
             Mangled by a two-headed ogre
             ... wielding a +0 giant club
              (22 damage)
             ... on level 7 of the Dungeon.
             The game lasted 00:31:53 (8821 turns).

thelaststarmaker the Blocker (Hill Orc Fighter)     Turns: 8821, Time: 00:31:53

Health: -9/85      AC:  7    Str: 22      XL:     9   Next: 38%
Magic:  9/9        EV: 13    Int:  8      God:    Beogh [**....]
Gold:   347        SH:  0    Dex:  8 (10) Spells: 8/8 levels left

rFire    . . .     SeeInvis .   B - +0 hand axe (flame)
rCold    + . .     Faith    .   c - +0 kite shield
rNeg     . . .     Spirit   .   w - +1 ring mail {rC+}
rPois    .         Reflect  .   (no helmet)
rElec    .         Harm     .   (no cloak)
rCorr    +         Rampage  .   (no gloves)
Will     .....                  (no boots)
Stlth    ..........             (no amulet)
HPRegen  0.24/turn              u - ring of resist corrosion
MPRegen  0.11/turn              a - +4 ring of evasion

@: confused, mighty
A: no striking features
a: Renounce Religion, Smiting


You were on level 7 of the Dungeon.
You worshipped Beogh.
Beogh was pleased with you.
You visited 1 branch of the dungeon, and saw 7 of its levels.

You collected 347 gold pieces.

Inventory:

Hand Weapons
 l - a +0 spear of freezing
 A - a +0 mace of draining
 B - a +0 hand axe of flaming (weapon)
 D - a cursed +0 flail
 E - a cursed -2 trident
Missiles
 r - 6 silver javelins (quivered)
 s - 5 curare-tipped darts
 z - 3 datura-tipped darts
Armour
 c - a +0 kite shield (worn)
 v - a +1 scale mail of positive energy
 w - a +1 ring mail of cold resistance (worn)
 C - a +1 ring mail of positive energy
Jewellery
 a - a +4 ring of evasion (right hand)
 u - a ring of resist corrosion (left hand)
Scrolls
 f - a scroll of blinking {unknown}
 h - 2 scrolls of identify
 i - a scroll of magic mapping {unknown}
 j - 3 scrolls of remove curse
 n - a scroll of amnesia
 t - 4 scrolls of teleportation
 y - a scroll of random uselessness {unknown}
 F - a scroll of enchant armour {unknown}
Potions
 b - a potion of flight {unknown}
 e - 2 potions of curing
 g - 5 potions of mutation
 k - a potion of ambrosia
 m - 3 potions of heal wounds
 o - a potion of berserk rage {unknown}
 p - a potion of degeneration {unknown}
 q - a potion of cancellation {unknown}
 x - a potion of haste {unknown}


   Skills:
 + Level 9.7 Fighting
 - Level 4.0 Axes
 - Level 5.0 Armour
 + Level 10.0 Shields


You had 8 spell levels left.
You didn't know any spells.
Your spell library contained the following spells:

 Spells                   Type           Power        Failure   Level
 Magic Dart               Conj           0%           78%         1
 Searing Ray              Conj           0%           89%         2
 Dazzling Flash           Conj/Hex       0%           98%         3
 Fulminant Prism          Conj/Hex       0%           100%        4
 Iskenderun's Mystic Bla  Conj/Tloc      0%           100%        4


Dungeon Overview and Level Annotations

Branches:
Dungeon (7/15)             Temple (0/1) D:6

Altars:
Ashenzari
Cheibriados
Fedhas
Gozag
Makhleb
Trog
Xom
Zin


Message History

Found a glowing ring mail.
You see here 13 gold pieces.
You now have 347 gold pieces (gained 13).
The two-headed ogre hits you with a +0 giant club!
The two-headed ogre hits you but does no damage.
You feel very mighty all of a sudden.
You slash the two-headed ogre! You burn the two-headed ogre.
The two-headed ogre is moderately wounded.
The two-headed ogre hits you with a +0 giant club!!
The two-headed ogre hits you with a +0 giant club!
You are confused.
You feel invigorated. The two-headed ogre closely misses you.
The two-headed ogre barely misses you.
You're too confused to move!
The two-headed ogre hits you with a +0 giant club!!
* * * LOW HITPOINT WARNING * * *
The two-headed ogre hits you with a +0 giant club!
* * * LOW HITPOINT WARNING * * *
The two-headed ogre hits you with a +0 giant club!!
You die...

...........#######.#. # #
................ ... .#.#
...........#######.##...#
...........# #.........#
...........####.........##
...........#..............
...........#............##
...........#.........#..#
#'########.#...O@....# .#
...........#.........#
#.####.....'.........+
#..# #.#####.........#
...# #.# #.........# #..#
#.# #...###'### ...# #.#
#...# .# ..## #.# ##### ..
### #.# ##


You could see a two-headed ogre.

Vanquished Creatures
  Sigmund (D:3)
  Duvessa (D:6)
  2 sky beasts
  A phantom (D:3)
  2 ice beasts
  3 centaurs (D:6)
  A big kobold (D:6)
  A bullfrog (D:6)
  Dowan (D:6)
  A scorpion (D:7)
  6 killer bees (D:7)
  A howler monkey (D:7)
  2 bullfrog zombies
  A quasit (D:7)
  3 bullfrog skeletons
  An orc wizard (D:6)
  2 orc priests
  A hound (D:5)
  An iguana (D:6)
  4 worker ants (D:6)
  3 gnolls (D:4)
  10 adders
  10 river rats (D:6)
  A shadow imp (D:5)
  3 white imps
  An ufetubus (D:7)
  2 oozes
  An adder skeleton (D:6)
  A dart slug (D:1)
  4 leopard geckos
  10 orcs
  A ball python (D:2)
  7 bats
  2 giant cockroaches
  5 goblins
  4 hobgoblins
  9 jackals
  8 quokkas
  6 frilled lizards
  18 kobolds
  23 rats
165 creatures vanquished.

Vanquished Creatures (others)
  An orc priest (D:6)
  7 plants (D:1)
8 creatures vanquished.

Grand Total: 173 creatures vanquished

Notes
Turn   | Place    | Note
-------+----------+-------------------------------------------
     0 | D:1      | thelaststarmaker the Hill Orc Fighter began the quest for
                  | the Orb.
     0 | D:1      | Reached XP level 1. HP: 19/19 MP: 1/1
   223 | D:1      | Reached XP level 2. HP: 27/27 MP: 2/2
   514 | D:1      | Reached XP level 3. HP: 33/33 MP: 3/3
  1179 | D:2      | Reached XP level 4. HP: 40/40 MP: 4/4
  1516 | D:3      | Noticed Sigmund
  1893 | D:3      | Reached skill level 4 in Shields
  1921 | D:3      | Found a burning altar of Makhleb.
  1927 | D:3      | Found a glowing silver altar of Zin.
  1927 | D:3      | Noticed an angel
  1928 | D:3      | Noticed a green death
  2815 | D:4      | Reached XP level 5. HP: 47/47 MP: 5/5
  2831 | D:4      | Found a snail-covered altar of Cheibriados.
  3184 | D:4      | Noticed a phantom
  3295 | D:3      | HP: 2/47 [poisoned by an adder]
  3302 | D:4      | HP: 2/47 [poisoned by an adder]
  3850 | D:4      | Reached skill level 5 in Fighting
  4045 | D:5      | Entered Level 5 of the Dungeon
  4139 | D:5      | Found a blossoming altar of Fedhas.
  4279 | D:5      | Found a broken altar of Ashenzari.
  4538 | D:5      | Reached XP level 6. HP: 55/56 MP: 6/6
  5018 | D:6      | Reached skill level 5 in Armour
  5190 | D:6      | Found a staircase to the Ecumenical Temple.
  5219 | D:6      | Noticed a sky beast
  5244 | D:6      | Became a worshipper of Beogh the Brigand
  5277 | D:6      | Killed a sky beast
  5278 | D:6      | Reached skill level 5 in Shields
  5364 | D:6      | Noticed an ice beast
  5499 | D:3      | Killed a phantom
  5500 | D:3      | Reached XP level 7. HP: 60/64 MP: 7/7
  5670 | D:3      | Killed Sigmund
  5671 | D:3      | Reached skill level 6 in Shields
  5876 | D:6      | Reached XP level 8. HP: 63/73 MP: 8/8
  5993 | D:6      | Reached skill level 7 in Shields
  6279 | D:6      | Noticed Dowan
  6892 | D:6      | Found a shimmering altar of Xom.
  6903 | D:6      | Found an opulent altar of Gozag.
  6908 | D:6      | Found a bloodstained altar of Trog.
  6973 | D:6      | Reached skill level 8 in Shields
  7146 | D:6      | Killed Dowan
  7147 | D:6      | Reached * piety under Beogh
  7149 | D:6      | Noticed Duvessa
  7183 | D:6      | Killed Duvessa
  7678 | D:7      | Reached skill level 9 in Shields
  7678 | D:7      | Reached XP level 9. HP: 31/83 MP: 9/9
  8425 | D:7      | Reached ** piety under Beogh
  8723 | D:7      | Reached skill level 10 in Shields
  8808 | D:7      | Noticed a two-headed ogre
  8821 | D:7      | Mangled by a two-headed ogre

Illustrated notes

Levels and vault maps discovered:
D:1:      dpeg_arrival_pits, layout_loops_cross, st_stairs_14,
          hangedman_decor_points, amcnicky_mini_pool_small,
          lexackson_kobold_supper
D:2:      layout_rooms, nrook_mini_backslash, kennysheep_decorative_pillar
D:3:      minmay_door_path, layout_rooms,
          grunt_temple_overflow_order_and_chaos_2, uniq_sigmund
D:4:      layout_loops_ring, cheibriados_altar_1, minmay_misc_feat_roman
D:5:      layout_loops_ring, nicolae_ashenzari_panopticon, minmay_holes,
          fedhas_altar_fruit_tree
D:6:      lemuel_ratsnest, layout_loops_ring, minmay_overflow_temple_star_quad,
          minmay_temple_entry_proselytizer, uniq_duvessa
D:7:      layout_basic

Skill      XL: |  1  2  3  4  5  6  7  8  9 |
---------------+----------------------------+-----
Fighting       | 4 5 6 7 9 |  9.7
Axes           | 3 4 |  4.0
Shields        | 4 5 6 9 10 | 10.0
Armour         | 4 5 |  5.0

Action                   |  1- 3 |  4- 6 |  7- 9 || total
-------------------------+-------+-------+-------++-------
Melee: War axe           |    95 |   218 |   107 ||   420
       Hand axe          |       |       |   243 ||   243
Throw: Javelin           |       |     6 |    21 ||    27
Invok: Convert to Beogh  |       |     1 |       ||     1
  Use: Scroll            |       |     5 |     5 ||    10
       Potion            |       |       |     6 ||     6
Armor: Scale mail        |    44 |   122 |    85 ||   251
       Ring mail         |       |       |    16 ||    16
Dodge: Dodged            |    34 |    78 |   125 ||   237
Block: Kite shield       |    54 |   118 |   197 ||   369
